 Dungeon Sprint DCSS version 0.27.1-33-g824d729ab1 (webtiles) character file.

Game seed: 15747247454040247066

279 manyhoops the Impaler (level 6, -7/47 HPs)
             Began as a Merfolk Berserker on Nov 25, 2021.
             Was a Believer of Trog.
             Splashed by a jelly's acid (9 damage)
             ... in the Dungeon (Sprint I: "Red Sonja").
             The game lasted 00:00:42 (285 turns).

manyhoops the Impaler (Merfolk Berserker)            Turns: 285, Time: 00:00:43

Health: -7/47      AC: -3    Str: 20    XL:     6   Next: 26%
Magic:  6/6        EV:  8    Int:  6    God:    Trog [**....]
Gold:   162        SH:  0    Dex: 13    Spells: 5/5 levels left

rFire    . . .     SeeInvis .   j - +0 scythe
rCold    . . .     Faith    .   (shield currently unavailable)
rNeg     . . .     Spirit   .   i - +0 chain mail
rPois    .         Reflect  .   (no helmet)
rElec    .         Harm     .   (no cloak)
rCorr    .         Rampage  .   (no gloves)
Will     .....     NoTele   +   (no boots)
Stlth    ..........             (no amulet)
HPRegen  0.15/turn              (no ring)
MPRegen  0.10/turn              (no ring)

@: corroded
A: (nimble swimmer 2), mertail
a: Renounce Religion, Berserk, Trog's Hand


You were in the Dungeon.
You worshipped Trog.
Trog was pleased with you.
You visited 1 branch You collected 162 gold pieces.

Inventory:

Hand Weapons
 a - a +0 spear
 j - a +0 scythe (weapon)
Armour
 b - a +0 animal skin
 i - a +0 chain mail (worn)
Scrolls
 h - a scroll of blinking
Potions
 c - a potion of curing
 d - a potion of heal wounds
 e - a potion of haste
 f - 2 potions of magic
 g - 2 potions of berserk rage


   Skills:
 - Level 3.2 Fighting
 + Level 17.0 Polearms
 - Level 1.3 Armour
 - Level 2.6 Dodging


You had 5 spell levels left.
You didn't know any spells.
Your spell library was empty.

Dungeon Overview and Level Annotations

Branches:
Dungeon (1/1)

Altars:
Sif Muna
Vehumet
Wu Jian


Innate Abilities, Weirdness & Mutations

((You are quick and stealthy near water. (Stealth+, EV+, Speed+++)))
Your lower body shifts to a powerful aquatic tail in water.


Message History

You now have 27 gold pieces.
You now have 54 gold pieces (gained 27).
There is an open door here.
There is an open door here.
You open the door.
Found 108 gold pieces.
There is an open door here.
You now have 81 gold pieces (gained 27).
You now have 108 gold pieces (gained 27).
You now have 135 gold pieces (gained 27).
You now have 162 gold pieces (gained 27).
You open the door.
Found 24 stones and 7 gold pieces.
Found two altars.
A jelly comes into view.
The jelly quivers.
There is an open door here.
Found a radiant altar of Vehumet.
You see here 24 stones.
The jelly hits you but does no damage.
You see here 7 gold pieces.
You slash the jelly! The acid corrodes you!
Your hands burn!
The jelly is heavily wounded.
The jelly hits you.
You are splashed with acid!
You hit the jelly. The acid corrodes you!
Your hands burn!
The jelly is severely wounded.
The jelly completely misses you.
You hit the jelly but do no damage.
Your hands burn!
The jelly is severely wounded.
The jelly hits you. The acid corrodes you!
You are splashed with acid!
* * * LOW HITPOINT WARNING * * *
You completely miss the jelly.
The jelly is severely wounded.
The jelly hits you.
* * * LOW HITPOINT WARNING * * *
You are splashed with acid!
* * * LOW HITPOINT WARNING * * *
The jelly hits you.
* * * LOW HITPOINT WARNING * * *
You are splashed with acid!
You die...

################
#<.#..)..#..'..#
#..)..#..'[.#..+
#..#####'#####'#
#..# #..# #(#
#..# #### #@#
#..# #_J+ #⌠⌠#
..._# ####
#_.#+# ##+


You could see a jelly.

Vanquished Creatures
  Sigmund (D)
  An ogre (D)
  Ijyb (D)
3 creatures vanquished.

Notes
Turn   | Place    | Note
-------+----------+-------------------------------------------
     0 | D        | manyhoops the Merfolk Berserker began the quest for the
                  | Orb.
     0 | D        | Reached XP level 1. HP: 18/18 MP: 1/1
     1 | D        | Noticed Ijyb
    12 | D        | Killed Ijyb
    13 | D        | Reached skill level 9 in Polearms
    13 | D        | Reached XP level 2. HP: 22/24 MP: 2/2
    13 | D        | Reached XP level 3. HP: 26/29 MP: 3/3
   125 | D        | Noticed an ogre
   132 | D        | Killed an ogre
   133 | D        | Reached skill level 13 in Polearms
   133 | D        | Reached XP level 4. HP: 35/35 MP: 4/4
   202 | D        | Noticed Sigmund
   210 | D        | Killed Sigmund
   210 | D        | Reached ** piety under Trog
   211 | D        | Reached skill level 17 in Polearms
   211 | D        | Reached XP level 5. HP: 41/41 MP: 5/5
   211 | D        | Reached XP level 6. HP: 47/47 MP: 6/6
   278 | D        | Found an ornate altar of the Wu Jian Council.
   278 | D        | Found a shimmering blue altar of Sif Muna.
   280 | D        | Found a radiant altar of Vehumet.
   285 | D        | HP: 2/47 [jelly (1)]
   285 | D        | Splashed by a jelly's acid

Illustrated notes

Levels and vault maps discovered:
D:        dungeon_sprint_1 [red_sonja_temple_1, red_sonja_temple_small_1]

Skill      XL: |  1  2  3  4 |
---------------+-------------+-----
Polearms       | 9 13 17 | 17.0
Fighting       | |  3.2
Armour         | |  1.3
Dodging        | |  2.6

Action                   |  1- 3 |  4- 6 || total
-------------------------+-------+-------++-------
Melee: Spear             |    16 |     7 ||    23
       Scythe            |       |     4 ||     4
Invok: Berserk           |     2 |     1 ||     3
Armor: Chain mail        |       |     2 ||     2
Dodge: Dodged            |     2 |     1 ||     3
